 Dungeon Crawl Stone Soup version bcrawl-1.38.1 (webtiles) character file.

Game seed: 6192238635625795788

320396 tronn the Covert (level 9, -6/59 HPs)
             Began as a Kobold Rogue on Apr 14, 2023.
             Was a Follower of Okawaru.
             Mangled by a troll (16 damage)
             ... on level 5 of the Dungeon.
             The game lasted 00:27:47 (5328 turns).

tronn the Covert (Kobold Rogue)                     Turns: 5328, Time: 00:27:48

Health: -6/59      AC:  6    Str:  9    XL:     9   Next: 86%
Magic:  13/13      EV: 15    Int: 16    God:    Okawaru [*.....]
Gold:   538        SH:  7    Dex: 16    Spells: 7/13 levels left

rFire    . . .     GDR:     31% a - +2 dagger
rCold    . . .     SeeInvis +   H - +0 buckler
rNeg     . . .     Gourm    .   D - +0 troll leather armour {Purgy}
rPois    .         Faith    .   j - +0 hat
rElec    .         Spirit   .   d - +1 cloak
rCorr    .         Reflect  .   (no gloves)
MR       .....                  (no boots)
Stlth    ++++......             (no amulet)
HPRegen  0.59/turn              r - ring of see invisible
MPRegen  0.13/turn              (no ring)

@: no status effects
A: small, talons 1, carnivore, mutation resistance 1, sense surroundings 2
a: Heroism, Renounce Religion


You were on level 5 of the Dungeon.
You worshipped Okawaru.
Okawaru was aware of your devotion.
You were very full.

You visited 1 branch of the dungeon, and saw 7 of its levels.
You also visited: Sewer and Ossuary.

You collected 578 gold pieces.
You spent 40 gold pieces at shops.

Inventory:

Hand Weapons
 a - a +2 dagger (weapon)
 b - a +0 blowgun
 q - a +1 spear of venom
 x - a +2 flail of protection
 C - a +0 long sword
 E - a cursed -2 mace
 G - a +1 mace of draining
 Q - a +0 mace of holy wrath
Missiles
 h - 188 poisoned needles
 l - 2346 stones (quivered)
 o - 385 bolts
 p - 162 arrows
 y - 221 sling bullets
Armour
 c - a cursed +0 chain mail
 d - a +1 cloak (worn)
 j - a +0 hat (worn)
 D - a +0 troll leather armour (worn) {Purgy}
 H - a +0 buckler (worn)
Jewellery
 r - a ring of see invisible (left hand)
Wands
 f - a wand of flame (26)
 w - a wand of paralysis (11)
Scrolls
 g - a scroll of blinking
 k - 2 scrolls of fear
 s - 4 scrolls of enchant weapon
 u - 7 scrolls of remove curse
 v - a scroll of teleportation
 I - 2 scrolls of magic mapping
 K - a scroll of immolation
 O - a scroll of brand weapon {unknown}
 P - a scroll of torment {unknown}
Potions
 n - a potion of heal wounds
 t - 2 potions of brilliance
 z - a potion of mutation
 A - 2 potions of invisibility
 B - 2 potions of magic
 F - 2 potions of lignification
 N - a potion of degeneration
 S - 2 potions of curing
Comestibles
 e - 10 rations {!d}


   Skills:
 + Level 4.4 Fighting
 + Level 5.2 Short Blades
 * Level 6.0 Throwing
 * Level 3.9 Armour
 * Level 5.2 Dodging
 * Level 8.9 Stealth
 * Level 3.2 Shields
 + Level 2.9 Spellcasting
 + Level 1.6 Summonings
 + Level 1.7 Ice Magic
   Level 1.2 Air Magic
 * Level 2.9 Invocations
 + Level 4.4 Evocations


You had 7 spell levels left.
You knew the following spells:

 Your Spells              Type           Power        Failure   Level  Hunger
a - Call Imp              Summ           #.....       50%         2    #......
b - Summon Ice Beast      Ice/Summ       #.......     98%         4    #####..

Your spell library contained the following spells:

 Spells                   Type           Power        Failure   Level  Hunger
 Summon Small Mammal      Summ           #...         36%         1    None
 Call Canine Familiar     Summ           #.......     73%         3    ####...
 Summon Lightning Spire   Summ/Air       #.......     100%        5    #######


Dungeon Overview and Level Annotations

Branches:
Dungeon (7/12)             Temple (0/1) D:6
   Lair: D:7-9

Altars:
Elyvilon
Gozag
Nemelex Xobeh
Okawaru
Ru
Yredelemnul
The Shining One

Shops:
D:5 ?

Annotations:
D:4 1 runed translucent door, Cris's ghost, amateur SpEE


Innate Abilities, Weirdness & Mutations

You are small and have problems with some larger weapons.
You have sharp toenails.
You are carnivorous and can eat meat at any time.
You are somewhat resistant to further mutation.
You passively map the area around you.


Message History

You hit the troll. Your kick misses the troll.
The troll is almost dead.
You barely miss the troll. You claw the troll.
The troll is almost dead.
The troll misses you. x2; The troll claws you but does no damage.
You closely miss the troll.
The troll is almost dead.
The troll closely misses you. The troll claws you!
The troll claws you but does no damage.
You barely miss the troll. Your kick misses the troll.
The troll is almost dead.
The troll bites you!
* * * LOW HITPOINT WARNING * * *
The troll claws you but does no damage. x2
You hit the troll but do no damage.
The troll is almost dead.
You barely miss the troll. You claw the troll.
The troll is almost dead.
The troll bites you!
You die...

..### ......### #...# #######
..#<# ........######...# #......
..#.#######+#...........###......
..#.............................)
..##...######....................
..##...#######+#....###..........
....................+...>........
#####.##.....#.#T...##...........
..###'##.....#.#@................
#............#....#.##...........
....................###.......###
....................# ###.....#
....................# #.....#
....................#####.....###
#................................
#.###'#####........#'#...........
#..##.# ######.#.'_'...........


You could see a troll.

Vanquished Creatures
  Pikel (D:4)
  Grinder (D:3)
  A slime creature (D:5)
  Purgy (Sewer)
  3 ogres
  A bullfrog (D:6)
  A kobold brigand (Sewer)
  A scorpion (D:5)
  4 orc priests
  3 crimson imps
  Crazy Yiuf (D:2)
  2 hounds
  Jessica (D:2)
  3 orc wizards (D:4)
  A killer bee zombie (D:4)
  12 mummies (Ossuary)
  A worker ant zombie (D:5)
  2 gnolls (D:6)
  5 adders
  An ooze (D:2)
  A worm (D:2)
  6 dart slugs
  3 leopard geckos
  16 orcs
  8 bats
  2 giant cockroaches
  7 goblins
  9 hobgoblins
  3 jackals (D:5)
  A quokka (D:3)
  3 ball pythons (D:3)
  3 frilled lizards
  3 gnoll skeletons (Ossuary)
  3 goblin skeletons (Ossuary)
  11 kobolds
  2 orc skeletons (Ossuary)
  5 rats
  11 rat skeletons (Ossuary)
  A fungus (D:5)
144 creatures vanquished.

Vanquished Creatures (collateral kills)
  A slave (D:4)
  An orc priest (D:6)
  A crimson imp (D:4)
  A hound (D:4)
  3 orc wizards (D:4)
  3 orcs
10 creatures vanquished.

Vanquished Creatures (others)
  A gnoll shaman (D:6)
  2 gnolls (D:6)
  3 orcs
  4 toadstools (D:5)
  A withered plant (D:4)
11 creatures vanquished.

Grand Total: 165 creatures vanquished

Notes
Turn   | Place    | Note
-------+----------+-------------------------------------------
     0 | D:1      | tronn the Kobold Rogue began the quest for the Orb.
     0 | D:1      | Reached XP level 1. HP: 14/14 MP: 2/2
   135 | D:1      | Reached XP level 2. HP: 19/19 MP: 3/3
   180 | D:1      | Reached skill level 6 in Stealth
   397 | D:1      | Reached XP level 3. HP: 24/25 MP: 4/4
   467 | D:2      | Noticed an ogre
   490 | D:1      | Killed an ogre
   491 | D:1      | Reached skill level 1 in Armour
   491 | D:1      | Reached skill level 1 in Dodging
   491 | D:1      | Reached XP level 4. HP: 30/30 MP: 4/6
   491 | D:1      | Reached XP level 5. HP: 35/35 MP: 4/7
  1101 | D:2      | Noticed Jessica
  1128 | D:2      | Killed Jessica
  1129 | D:2      | Reached skill level 1 in Spellcasting
  1292 | D:3      | Found a white marble altar of Elyvilon.
  1375 | D:3      | Found a glowing golden altar of the Shining One.
  1541 | D:3      | Found a faded altar of an unknown god.
  1549 | D:3      | Reached XP level 6. HP: 5/41 MP: 8/8
  1653 | D:3      | Found a glowing drain.
  1681 | Sewer    | Entered a sewer
  1841 | Sewer    | Noticed Purgy
  1867 | Sewer    | Killed Purgy
  1868 | Sewer    | Reached skill level 7 in Stealth
  1868 | Sewer    | Reached XP level 7. HP: 44/46 MP: 9/9
  2095 | D:5      | Entered Level 5 of the Dungeon
  2112 | D:5      | Noticed a slime creature
  2369 | D:4      | Found a runed translucent door.
  2370 | D:4      | Noticed Cris's ghost (amateur SpEE)
  2402 | D:4      | Reached XP level 8. HP: 19/52 MP: 11/11
  2565 | D:5      | Learned a level 5 spell: Summon Lightning Spire
  2570 | D:5      | Learned a level 4 spell: Summon Ice Beast
  2580 | D:5      | Found Siasih's Magic Scroll Boutique.
  2597 | D:5      | Bought a scroll of remove curse for 30 gold pieces
  2597 | D:5      | Bought a scroll of noise for 10 gold pieces
  2654 | D:5      | Found an iron altar of Okawaru.
  2663 | D:5      | Became a worshipper of Warmaster Okawaru
  2789 | D:6      | Found a staircase to the Ecumenical Temple.
  2843 | D:6      | Reached skill level 1 in Shields
  3050 | D:6      | Found a sand-covered staircase.
  3057 | Ossuary  | Entered an ossuary
  3093 | Ossuary  | Reached skill level 8 in Stealth
  3484 | D:6      | Reached skill level 1 in Invocations
  3724 | D:2      | Found a runed door.
  3729 | D:2      | Noticed Crazy Yiuf
  3737 | D:2      | Killed Crazy Yiuf
  3738 | D:2      | Reached skill level 1 in Air Magic
  3843 | D:2      | Reached skill level 1 in Ice Magic
  4182 | D:3      | Noticed Grinder
  4194 | D:3      | Paralysed by Grinder for 4 turns
  4217 | D:3      | Paralysed by Grinder for 2 turns
  4225 | D:3      | Killed Grinder
  4225 | D:3      | Reached * piety under Okawaru
  4226 | D:3      | Reached skill level 5 in Throwing
  4226 | D:3      | Reached skill level 1 in Summonings
  4226 | D:3      | Reached XP level 9. HP: 38/58 MP: 12/12
  4464 | D:4      | Noticed Pikel
  4480 | D:4      | Killed Pikel
  4481 | D:4      | Reached skill level 5 in Short Blades
  4767 | D:4      | Reached skill level 5 in Dodging
  4991 | D:5      | Learned a level 2 spell: Call Imp
  5071 | D:5      | Found a basalt altar of Yredelemnul.
  5071 | D:5      | Found an opulent altar of Gozag.
  5071 | D:5      | Found a sacrificial altar of Ru.
  5112 | D:5      | Found a sparkling altar of Nemelex Xobeh.
  5133 | D:5      | Killed a slime creature
  5296 | D:5      | Noticed a troll
  5328 | D:5      | Mangled by a troll

Skill      XL: |  1  2  3  4  5  6  7  8  9 |
---------------+----------------------------+-----
Short Blades   | 3 4 5 |  5.2
Stealth        | 6 7 8 |  8.9
Throwing       | 2 3 4 5 6 |  6.0
Armour         | 1 2 3 |  3.9
Dodging        | 1 2 3 4 5 |  5.2
Spellcasting   | 1 2 |  2.9
Evocations     | 3 4 |  4.4
Fighting       | 3 4 |  4.4
Shields        | 2 3 |  3.2
Invocations    | 1 2 |  2.9
Air Magic      | 1 |  1.2
Ice Magic      | 1 |  1.7
Summonings     | 1 |  1.6

Action                   |  1- 3 |  4- 6 |  7- 9 || total
-------------------------+-------+-------+-------++-------
Melee: Dagger            |    36 |    88 |   374 ||   498
       Kick              |     8 |    17 |   103 ||   128
 Fire: Blowgun           |     5 |    39 |    25 ||    69
Throw: Stone             |     3 |     8 |    33 ||    44
Invok: Heroism           |       |       |     1 ||     1
Evoke: Wand              |       |     3 |    23 ||    26
  Use: Potion            |       |     1 |     1 ||     2
       Scroll            |       |       |    18 ||    18
 Stab: Sleeping          |     1 |     5 |    22 ||    28
       Paralysed         |       |       |     1 ||     1
  Eat: Chunk             |     8 |     7 |    19 ||    34
Armor: Robe              |     8 |    10 |       ||    18
       Leather armour    |       |     7 |       ||     7
       Troll leather arm |       |       |    66 ||    66
Dodge: Dodged            |    32 |    65 |   179 ||   276
Block: Buckler           |       |       |    64 ||    64
